 Dungeon Crawl Stone Soup version 0.26.0-10-g1f06aea511 (webtiles) character file.

Game seed: 3676887241225760764

8017 ythm the Grappler (level 11, 0/101 HPs)
             Began as a Troll Hunter on Jan 13, 2021.
             Was a High Priest of Makhleb.
             Slain by a cane toad (10 damage)
             ... on level 1 of the Lair of Beasts.
             The game lasted 00:15:44 (8269 turns).

ythm the Grappler (Troll Hunter)                    Turns: 8269, Time: 00:15:44

Health: 0/101      AC: 10    Str: 22    XL:     11   Next: 4%
Magic:  10/10      EV: 13    Int:  7    God:    Makhleb [*****.]
Gold:   633        SH:  0    Dex: 24    Spells: 10/10 levels left

rFire    + . .     SeeInvis .     - Unarmed
rCold    . . .     Faith    +   (no shield)
rNeg     . . .     Spirit   .   J - +0 troll leather armour
rPois    .         Reflect  .   (helmet restricted)
rElec    +         Harm     .   s - +1 cloak
rCorr    .         Rampage  .   (gloves unavailable)
Will     .....                  (boots unavailable)
Stlth    ++........             r - amulet of faith
HPRegen  1.06/turn              B - ring of Divine Compulsion {rElec rF+ Dex+5}
MPRegen  0.12/turn              k - +6 ring of dexterity

@: no status effects
A: large, unfitting armour, claws 3, regeneration 1, shaggy fur 1, tough skin 3
a: Renounce Religion, Minor Destruction, Lesser Servant of Makhleb, Major
Destruction, Greater Servant of Makhleb


You were on level 1 of the Lair of Beasts.
You worshipped Makhleb.
Makhleb was extremely pleased with you.
You visited 2 branches of the dungeon, and saw 11 of its levels.

You collected 633 gold pieces.

Inventory:

Hand Weapons
 N - the +7 rapier "Cyteta" {venom, rPois Int+2 Dex-2}
   (You found it on level 9 of the Dungeon)

   It poisons the flesh of those it strikes.
   It affects your intelligence (+2).
   It affects your dexterity (-2).
   It protects you from poison.
Missiles
 c - 4 large rocks (quivered)
 d - 2 throwing nets
Armour
 b - a +0 robe
 s - a +1 cloak (worn)
 J - a +0 troll leather armour (worn)
Jewellery
 i - an uncursed amulet of regeneration
 k - a +6 ring of dexterity (right claw)
 r - an amulet of faith (around neck)
 A - an uncursed ring of willpower
 B - the ring of Divine Compulsion (left claw) {rElec rF+ Dex+5}
   (You found it on level 7 of the Dungeon)

   [ring of protection from fire]

   It affects your dexterity (+5).
   It protects you from fire.
   It insulates you from electricity.
 C - an uncursed ring of ice
 K - a +6 ring of strength
 O - an uncursed ring of stealth
Wands
 w - a wand of paralysis (9)
 y - a wand of digging (3)
 E - a wand of acid (9)
 H - a wand of iceblast (6)
 I - a wand of polymorph (10)
 L - a wand of flame (26)
Scrolls
 f - 7 scrolls of remove curse
 l - a scroll of magic mapping
 n - a scroll of immolation
 q - a scroll of blinking
 t - 5 scrolls of teleportation
 x - a scroll of amnesia
 z - a scroll of silence {unknown}
 F - a scroll of enchant weapon {unknown}
 G - a scroll of fog {unknown}
 M - a scroll of summoning {unknown}
Potions
 a - 3 potions of heal wounds
 e - 3 potions of curing
 g - 2 potions of attraction
 h - a potion of berserk rage {unknown}
 j - 2 potions of cancellation
 m - a potion of mutation
 o - 3 potions of lignification
 p - a potion of degeneration
 u - 2 potions of flight
 v - a potion of haste
 D - 2 potions of might
 P - a potion of ambrosia {unknown}


   Skills:
 + Level 4.5 Fighting
 + Level 4.6 Throwing
 + Level 2.0 Armour
 + Level 4.1 Dodging
 - Level 0.3 Stealth
 * Level 14.3 Unarmed Combat


You had 10 spell levels left.
You didn't know any spells.
Your spell library contained the following spells:

 Spells                   Type           Power        Failure   Level
 Animate Skeleton         Necr           0%           47%         1
 Apportation              Tloc           0%           47%         1
 Corona                   Hex            0%           47%         1
 Pain                     Necr           0%           47%         1
 Summon Small Mammal      Summ           0%           47%         1
 Ensorcelled Hibernation  Hex/Ice        0%           63%         2
 Poisonous Vapours        Pois/Air       0%           63%         2
 Confusing Touch          Hex            0%           85%         3
 Conjure Flame            Conj/Fire      0%           85%         3
 Dazzling Flash           Conj/Hex       0%           85%         3
 Mephitic Cloud           Conj/Pois/Air  0%           85%         3
 Tukima's Dance           Hex            0%           85%         3
 Vampiric Draining        Necr           0%           85%         3
 Animate Dead             Necr           0%           99%         4
 Agony                    Necr           0%           100%        5
 Freezing Cloud           Conj/Ice/Air   0%           100%        6


Dungeon Overview and Level Annotations

Branches:
Dungeon (10/15)            Temple (0/1) D:6            Lair (1/6) D:9
    Orc: D:9-12

Altars:
Ashenzari
Cheibriados
Dithmenos
Elyvilon
Fedhas
Hepliaklqana
Makhleb
Nemelex Xobeh
Ru
Vehumet
Wu Jian
Yredelemnul

Annotations:
D:5 exclusion: oklob plant
D:7 exclusion: oklob plant


Innate Abilities, Weirdness & Mutations

You are too large for most types of armour.
You have claws for hands.
Your natural rate of healing is unusually fast.
You are covered in fur. (AC +1)
You have extremely tough skin. (AC +3)


Message History

Unknown command.
Unknown command.
You barely miss the basilisk. You claw the basilisk!
The basilisk is heavily wounded.
The cane toad closely misses you. The basilisk bites you!
The cane toad stings you!
Unknown command.
Unknown command.
You mangle the basilisk!!
The basilisk is almost dead.
The cane toad stings you!!
* * * LOW HITPOINT WARNING * * *
The basilisk gazes at you. You resist with some effort.
Unknown command.
Unknown command.
You completely miss the basilisk.
The basilisk is almost dead.
The cane toad stings you!
You die...

..........# #.#
#..#####... #.###
#..# #...# #..#
#..## #..# #..#
#..###..#
#..##...##
##l.###...#
#@F......##
##F......#
#.......#
.........##..#
........##.....#
......... ......#
........#.#.###..
.......... .h .#
?........ #


You could see 2 cane toads and a basilisk.

Vanquished Creatures
  Joseph (D:7)
  Psyche (D:8)
  A cane toad (Lair:1)
  A komodo dragon (Lair:1)
  2 trolls (D:9)
  Sigmund (D:3)
  Grum (D:9)
  5 orc warriors
  2 ice beasts
  2 hornet zombies (D:9)
  A phantom (D:6)
  3 black bears
  4 sky beasts
  4 wolves
  4 ogres
  4 centaurs
  A big kobold (D:9)
  11 bullfrogs
  4 scorpions
  12 killer bees
  6 wights
  3 howler monkeys
  A hound (D:4)
  11 jellies
  Crazy Yiuf (D:2)
  A bullfrog zombie (D:6)
  8 orc priests
  3 bullfrog skeletons (D:9)
  8 orc wizards
  2 centaur skeletons
  5 iguanas
  Terence (D:3)
  Ijyb (D:4)
  4 worker ants
  A hound skeleton (D:6)
  9 adders
  3 gnolls (D:6)
  2 shadow imps
  2 white imps
  An ufetubus (D:9)
  9 oozes
  2 adder skeletons
  2 worms
  2 dart slugs
  7 leopard geckos
  51 orcs
  10 bats
  6 giant cockroaches
  9 goblins
  2 hobgoblins (D:3)
  15 jackals
  4 quokkas
  2 ball pythons
  2 frilled lizards
  10 kobolds
  A leopard gecko zombie (D:6)
  9 rats
281 creatures vanquished.

Vanquished Creatures (others)
  16 fungi
  12 plants (D:9)
28 creatures vanquished.

Grand Total: 309 creatures vanquished

Notes
Turn   | Place    | Note
-------+----------+-------------------------------------------
     0 | D:1      | ythm the Troll Hunter began the quest for the Orb.
     0 | D:1      | Reached XP level 1. HP: 19/19 MP: 0/0
    95 | D:1      | Reached skill level 1 in Unarmed Combat
   190 | D:1      | Reached XP level 2. HP: 27/27 MP: 1/1
   481 | D:2      | Reached skill level 2 in Unarmed Combat
   658 | D:2      | Found a runed translucent door.
   659 | D:2      | Noticed Crazy Yiuf
   835 | D:2      | Reached XP level 3. HP: 33/33 MP: 2/2
   885 | D:2      | Found a sparkling altar of Nemelex Xobeh.
   953 | D:2      | Noticed a sky beast
   964 | D:2      | Killed a sky beast
   965 | D:2      | Reached skill level 4 in Unarmed Combat
   965 | D:2      | Reached XP level 4. HP: 18/41 MP: 3/3
  1026 | D:2      | Killed Crazy Yiuf
  1027 | D:2      | Reached XP level 5. HP: 36/48 MP: 4/4
  1224 | D:3      | Reached skill level 5 in Unarmed Combat
  1248 | D:3      | Found a faded altar of an unknown god.
  1336 | D:3      | Found an ornate altar of the Wu Jian Council.
  1482 | D:3      | Noticed a black bear
  1502 | D:3      | Killed a black bear
  1503 | D:3      | Reached skill level 6 in Unarmed Combat
  1503 | D:3      | Reached XP level 6. HP: 37/55 MP: 5/5
  1592 | D:3      | Found a radiant altar of Vehumet.
  1823 | D:3      | Noticed Sigmund
  1827 | D:3      | Killed Sigmund
  1828 | D:3      | Reached skill level 7 in Unarmed Combat
  1866 | D:3      | Noticed Terence
  1870 | D:3      | Killed Terence
  1871 | D:3      | Reached XP level 7. HP: 58/62 MP: 6/6
  2335 | D:4      | Reached skill level 8 in Unarmed Combat
  2347 | D:4      | Noticed Ijyb
  2354 | D:4      | Killed Ijyb
  2542 | D:4      | Found a burning altar of Makhleb.
  2623 | D:4      | Became a worshipper of Makhleb the Destroyer
  2974 | D:5      | Entered Level 5 of the Dungeon
  3117 | D:5      | Found a broken altar of Ashenzari.
  3229 | D:5      | Found a shadowy altar of Dithmenos.
  3314 | D:5      | Found a blossoming altar of Fedhas.
  3324 | D:5      | Noticed an oklob plant
  3382 | D:5      | Found a snail-covered altar of Cheibriados.
  3472 | D:5      | Found a broken altar of Ashenzari.
  3557 | D:5      | Reached skill level 9 in Unarmed Combat
  3557 | D:5      | Reached XP level 8. HP: 42/72 MP: 7/7
  4020 | D:5      | Reached skill level 10 in Unarmed Combat
  4093 | D:6      | Reached * piety under Makhleb
  4102 | D:6      | Found a sacrificial altar of Ru.
  4264 | D:6      | Reached skill level 11 in Unarmed Combat
  4551 | D:6      | Found a staircase to the Ecumenical Temple.
  4706 | D:7      | Reached XP level 9. HP: 79/79 MP: 8/8
  4727 | D:7      | Found a sacrificial altar of Ru.
  4844 | D:7      | Noticed an oklob plant
  4846 | D:7      | Reached ** piety under Makhleb
  4974 | D:7      | Reached skill level 12 in Unarmed Combat
  5511 | D:7      | Reached skill level 13 in Unarmed Combat
  5631 | D:7      | Reached *** piety under Makhleb
  5672 | D:7      | Got a glittering turquoise ring
  5673 | D:7      | Identified the ring of Divine Compulsion {rElec rF+ Dex+5}
                  | (You found it on level 7 of the Dungeon)
  5682 | D:7      | Found a basalt altar of Yredelemnul.
  5798 | D:8      | Noticed Joseph
  5868 | D:7      | Killed Joseph
  5869 | D:7      | Reached XP level 10. HP: 68/91 MP: 9/9
  6136 | D:8      | Noticed Psyche
  6143 | D:8      | Killed Psyche
  6468 | D:8      | Found a white marble altar of Elyvilon.
  6753 | D:9      | Reached **** piety under Makhleb
  7138 | D:9      | Reached skill level 14 in Unarmed Combat
  7181 | D:9      | Found a staircase to the Lair.
  7205 | D:9      | Reached skill level 1 in Armour
  7238 | D:9      | Reached ***** piety under Makhleb
  7401 | D:9      | Noticed Grum
  7513 | D:9      | Killed Grum
  7627 | D:9      | Found a hazy altar of Hepliaklqana.
  7963 | D:9      | Got a pitted rapier
  7970 | D:9      | Identified the +7 rapier "Cyteta" {venom, rPois Int+2
                  | Dex-2} (You found it on level 9 of the Dungeon)
  8032 | D:10     | Entered Level 10 of the Dungeon
  8032 | D:10     | Noticed a seven-headed hydra
  8037 | D:10     | HP: 1/94 [seven-headed hydra (10)]
  8136 | Lair:1   | Entered Level 1 of the Lair of Beasts
  8161 | Lair:1   | Noticed a cane toad
  8166 | Lair:1   | Killed a cane toad
  8167 | Lair:1   | Reached XP level 11. HP: 101/101 MP: 10/10
  8269 | Lair:1   | Slain by a cane toad

Illustrated notes

Levels and vault maps discovered:
D:1:      dpeg_arrival_short_road, layout_rooms, kennysheep_boxes
D:2:      layout_loops_ring, overflow_temple_1_default, uniq_crazy_yiuf_cottage
D:3:      layout_loops_corners, vehumet_crystals,
          pdpol_wu_jian_five_deadly_venoms,
          chequers_ecumenical_altar_simple_redux, uniq_terence, uniq_sigmund
D:4:      layout_cave_pods, bloody_makhleb, uniq_ijyb
D:5:      layout_gridville, grunt_dithmenos_smoke_and_mirrors, tgw_fedhas,
          general_overflow_altar, basic_altar, grunt_ministairs_10,
          kennysheep_slug_shrine
D:6:      layout_rooms, temple_hall, basic_altar
D:7:      lemuel_slime, layout_basic, lemuel_round_altar,
          nicolae_ru_sacrificial_ziggurat
D:8:      layout_layer_cave, lemuel_doored_altar, minmay_misc_feat_more_columns,
          minivault_19, uniq_joseph, uniq_psyche
D:9:      layout_stronghold, lemuel_coloured_pillars_altar,
          grunt_lair_entry_orc_guard_hut, uniq_grum
D:10:     layout_cave_pools, david_orc_1_choice
Lair:1:   layout_gridlike, minmay_holes, beast_lair_carwin_5

Skill      XL: |  1  2  3  4  5  6  7  8  9 10 11 |
---------------+----------------------------------+-----
Unarmed Combat | 1 2 4 6 7 9 11 13 14 | 14.3
Fighting       | 2 3 4 |  4.5
Dodging        | 2 4 |  4.1
Throwing       | 4 |  4.6
Armour         | 1 2 |  2.0
Stealth        | |  0.3

Action                   |  1- 3 |  4- 6 |  7- 9 | 10-12 || total
-------------------------+-------+-------+-------+-------++-------
Melee: Unarmed           |    88 |   106 |   395 |   204 ||   793
       Punch             |       |     6 |     9 |    11 ||    26
       Rapier            |       |       |       |     3 ||     3
Throw: Large rock        |       |     1 |       |     1 ||     2
  Use: Potion            |       |       |     2 |     2 ||     4
       Scroll            |       |       |     8 |    10 ||    18
 Stab: Sleeping          |       |     3 |     1 |     1 ||     5
Armor: Robe              |    48 |    39 |   119 |    24 ||   230
       Troll leather arm |       |       |       |    75 ||    75
Dodge: Dodged            |    63 |    32 |   192 |   162 ||   449
